Map: Abyssal Reef LE

Players

INnoVation - Winner!

  • Race: Terran Terran
  • Spawn Location: 11:00

Trust

  • Race: Protoss Protoss
  • League: Diamond
  • Spawn Location: 5:00

VOD

Have the link to the VOD?

Description

innovation trust

Time

  • Played on: July 27, 2017, 10:10 p.m.
  • Length: 10:06
Show
View Real Time Build Order
Export as new Build Order

INnoVation Terran - Winner!

Build Orders: Reaper Expand, MMM Bio 

Get SALT Encoding   

  12  0:00  SCV  
  13  0:12  SCV  
  14  0:17  Supply Depot  
  14  0:24  SCV  
  14  0:27  Refinery  
  15  0:38  SCV  
  16  0:44  Barracks  
  16  0:50  SCV  
  17  1:02  SCV  
  18  1:15  SCV  
  19  1:31  Reaper, Orbital Command  
  20  1:48  Command Center  
  20  1:56  Factory  
  20  1:59  SCV  
  21  2:05  Barracks Reactor  
  21  2:11  SCV  
  22  2:16  Supply Depot  
  22  2:17  Refinery  
  22  2:23  SCV  
  23  2:37  SCV  
  23  2:42  Marine x2, Starport  
  26  2:47  Widow Mine  
  26  2:49  SCV  
  29  2:59  Orbital Command  
  29  3:00  Marine x2  
  29  3:01  SCV  
  32  3:15  SCV  
  32  3:16  Widow Mine  
  32  3:18  Viking  
  32  3:19  Marine  
  37  3:20  Marine  
  37  3:25  SCV  
  40  3:28  SCV  
  40  3:31  Supply Depot  
  40  3:38  SCV  
  40  3:40  SCV, Marine  
  40  3:41  Marine  
  44  3:47  Barracks  
  44  3:50  SCV  
  44  3:52  SCV  
  46  3:55  Barracks  
  46  3:58  Marine x2  
  46  4:02  Supply Depot  
  48  4:05  SCV x2  
  48  4:09  Bunker  
  50  4:15  Factory Tech Lab, Starport Tech Lab  
  50  4:17  SCV x2  
  50  4:19  Marine  
  50  4:20  Marine  
  53  4:28  Engineering Bay  
  51  4:31  SCV x2  
  53  4:43  Supply Depot, Stimpack  
  53  4:44  SCV, Factory Reactor, Starport Reactor  
  54  4:46  SCV  
  51  4:54  Marauder  
  51  4:55  Marauder  
  53  5:00  SCV x2  
  53  5:02  Marine  
  55  5:14  Missile Turret  
  55  5:20  Marauder  
  57  5:22  Marauder  
  57  5:26  Marine  
  57  5:27  Marine  
  60  5:30  SCV  
  60  5:34  SCV  
  55  5:40  Missile Turret  
  54  5:45  SCV  
  54  5:46  SCV  
  54  5:47  Terran Infantry Weapons Level 1  
  54  5:49  Marine  
  57  5:51  Marine  
  58  5:57  SCV  
  58  5:58  SCV  
  60  6:04  Medivac x2  
  60  6:05  Widow Mine x2  
  60  6:08  Supply Depot  
  68  6:12  SCV x2  
  70  6:24  SCV  
  70  6:29  Combat Shields, Supply Depot  
  70  6:30  SCV, Marine x2  
  70  6:32  Marauder x2  
  77  6:36  Supply Depot  
  77  6:44  SCV  
  78  6:50  Medivac, Refinery, Widow Mine x2  
  78  6:51  SCV  
  78  6:52  Supply Depot  
  78  6:53  Marine  
  86  6:57  Medivac, SCV, Marine  
  86  6:58  Supply Depot  
  90  7:02  Marauder  
  90  7:03  Marauder  
  94  7:10  Concussive Shells, Liberator, Supply Depot  
  94  7:14  SCV x2  
  94  7:15  Refinery  
  96  7:17  Marine x2  
  96  7:19  Widow Mine x2  
  100  7:26  SCV  
  100  7:29  SCV  
  105  7:31  Liberator  
  105  7:38  SCV  
  105  7:39  Supply Depot  
  105  7:41  SCV, Marine x2  
  105  7:42  Marauder x2  
  113  7:50  SCV  
  117  7:54  Supply Depot  
  117  7:59  Terran Infantry Armor Level 1  
  117  8:03  Liberator, Marine x2  
  117  8:04  Marauder x2  
  123  8:09  Widow Mine  
  125  8:16  Widow Mine  
  127  8:21  Supply Depot  
  128  8:30  Marine x2  
  128  8:31  Marauder  
  130  8:41  Command Center  
  117  8:48  Widow Mine x2  
  115  8:57  Medivac  
  115  9:02  Marauder x2, Marine x2  
  123  9:03  Medivac  
  122  9:19  Barracks  
  122  9:21  Barracks  
  122  9:23  Marauder x2  
  124  9:24  Widow Mine x2  
  124  9:25  Marine x2  
  130  9:37  SCV  
  130  9:38  SCV  
  136  9:47  Marine x2  
Show
View Real Time Build Order
Export as new Build Order

Trust Protoss 

Build Orders: 1 Gate Expand, Oracle Opening 

Get SALT Encoding   

  12  0:01  Probe (Chrono Boost)  
  13  0:12  Probe (Chrono Boost)  
  14  0:17  Pylon  
  14  0:22  Probe (Chrono Boost)  
  15  0:35  Probe (Chrono Boost)  
  16  0:36  Gateway  
  16  0:45  Probe (Chrono Boost)  
  16  0:47  Assimilator  
  17  0:56  Probe (Chrono Boost)  
  18  1:06  Probe (Chrono Boost)  
  19  1:21  Nexus  
  19  1:31  Cybernetics Core  
  19  1:33  Probe (Chrono Boost)  
  19  1:37  Assimilator  
  20  1:44  Probe (Chrono Boost)  
  21  1:48  Pylon  
  21  1:54  Probe (Chrono Boost)  
  22  2:03  Warp Gate (Chrono Boost)  
  22  2:05  Probe (Chrono Boost)  
  22  2:07  Adept (Chrono Boost)  
  25  2:16  Probe  
  26  2:27  Stargate  
  26  2:30  Probe  
  26  2:33  Probe  
  26  2:35  Adept (Chrono Boost)  
  30  2:42  Probe  
  30  2:43  Probe  
  32  2:54  Probe x2  
  33  2:59  Gateway  
  33  3:06  Gateway  
  33  3:13  Oracle (Chrono Boost)  
  33  3:16  Probe  
  33  3:18  Probe  
  38  3:30  Adept  
  38  3:32  Probe x2  
  41  3:38  Pylon  
  41  3:40  Oracle (Chrono Boost)  
  41  3:45  Probe x2 (Chrono Boost)  
  46  3:57  Probe (Chrono Boost)  
  46  3:58  Probe (Chrono Boost)  
  46  4:02  Adept x2  
  51  4:04  Adept  
  51  4:07  Pylon  
  53  4:16  Probe (Chrono Boost)  
  54  4:17  Pylon  
  54  4:25  Probe (Chrono Boost), Adept x2  
  54  4:26  Adept  
  54  4:27  Oracle  
  58  4:36  Pylon  
  58  4:38  Probe (Chrono Boost)  
  62  4:44  Probe (Chrono Boost)  
  63  4:55  Probe (Chrono Boost)  
  63  4:59  Probe (Chrono Boost)  
  63  5:00  Phoenix  
  63  5:06  Probe (Chrono Boost), Nexus  
  64  5:09  Assimilator  
  64  5:16  Assimilator  
  64  5:17  Mothership Core (Chrono Boost)  
  64  5:18  Pylon  
  66  5:21  Phoenix  
  66  5:23  Probe (Chrono Boost)  
  64  5:36  Probe (Chrono Boost)  
  64  5:38  Probe (Chrono Boost)  
  63  5:45  Twilight Council  
  63  5:46  Forge  
  63  5:48  Probe (Chrono Boost)  
  65  5:50  Probe (Chrono Boost)  
  65  5:52  Pylon  
  63  6:00  Probe x2 (Chrono Boost)  
  63  6:02  Gateway, Phoenix  
  65  6:05  Gateway  
  65  6:07  Gateway  
  65  6:11  Probe (Chrono Boost)  
  69  6:12  Probe (Chrono Boost)  
  69  6:15  Protoss Ground Weapons Level 1 (Chrono Boost)  
  69  6:18  Resonating Glaives, Robotics Facility  
  69  6:23  Phoenix  
  67  6:30  Probe x2  
  71  6:34  Adept  
  71  6:35  Adept  
  71  6:37  Adept  
  77  6:41  Probe  
  78  6:51  Gateway  
  78  6:52  Phoenix  
  78  6:53  Gateway  
  78  6:59  Adept x3  
  86  7:02  Adept  
  86  7:04  Pylon  
  86  7:07  Observer (Chrono Boost)  
  89  7:09  Probe x3  
  89  7:13  Pylon  
  92  7:16  Photon Cannon  
  92  7:23  Phoenix  
  92  7:26  Adept x2  
  92  7:27  Adept x2  
  100  7:37  Adept x2  
  100  7:40  Pylon  
  100  7:42  Gateway  
  100  7:43  Pylon  
  104  7:46  Warp Prism (Chrono Boost)  
  104  7:50  Phoenix  
  108  7:53  Adept  
  108  7:54  Adept  
  108  7:57  Adept  
  108  7:58  Adept  
  116  8:09  Adept  
  116  8:10  Adept x2  
  108  8:15  Phoenix  
  108  8:23  Adept  
  108  8:24  Adept x4  
  110  8:30  Probe  
  110  8:31  Photon Cannon  
  110  8:33  Observer (Chrono Boost)  
  107  8:38  Adept x3  
  107  8:40  Phoenix  
  115  8:43  Pylon  
  77  8:48  Adept x2  
  77  8:49  Adept  
  77  8:54  Zealot  
  73  9:00  Adept x2  
  75  9:04  Adept  
  77  9:11  Adept x2  
  77  9:12  Adept  
  77  9:13  Adept  
  83  9:18  Adept  
  83  9:19  Adept  
  85  9:24  Adept x2  
  85  9:29  Phoenix  
  91  9:36  Adept  
  91  9:37  Adept x2  
  94  9:49  Adept  
Tags
 
Add a new tag
Caveats
  • Supply blocks, unpowered buildings, or Contaminate may cause inaccurate times.
  • Supply counts are checked every 10 seconds.